 Dungeon Crawl Stone Soup version 0.22-a0-422-g9628fc8 (webtiles) character file.

59789 dstrtnsr the Severer (level 14, -30/135 HPs)
             Began as a Hill Orc Berserker on May 16, 2018.
             Was the Champion of Trog.
             Annihilated by a stone giant (50 damage)
             ... summoned by the player character
             ... on level 3 of the Spider Nest.
             The game lasted 00:18:26 (18583 turns).

dstrtnsr the Severer (Hill Orc Berserker)          Turns: 18583, Time: 00:18:26

Health: -30/135    AC: 29    Str: 21    XL:     14   Next: 96%
Magic:  24/24      EV:  8    Int: 27    God:    Trog [******]
Gold:   807        SH: 14    Dex: 10    Spells: 13/13 levels left

rFire    + + .     SeeInvis +   a - +5 war axe of Arol {venom, *Slow Int+7 Stlth+}
rCold    + . .     Gourm    .   q - +1 shield
rNeg     + + +     Faith    .   b - +9 plate armour {ponderous}
rPois    +         Spirit   .   T - +3 hat of Pondering {ponderous, MR+ MP+10 Int+5}
rElec    .         Reflect  .   O - +0 cloak (curse)
rCorr    .         Harm     .   (no gloves)
MR       ++...                  (no boots)
Stlth    ..........             x - amulet of the Princess {RegenMP rPois rF+ rN+}
HPRegen  0.32/turn              U - ring "Omiyzac" {rF+ rN+ Int+5 SInv Stlth-}
MPRegen  0.44/turn              C - ring of Oqulicwi {rC+ rN+ Str-4 Int+3 Stlth-}

@: lethally poisoned (-30 -> -30), berserk cooldown, slowed, invisible, very
slow
A: no striking features
a: Berserk, Trog's Hand, Brothers in Arms, Renounce Religion


You were on level 3 of the Spider Nest.
You worshipped Trog.
Trog was exalted by your worship.
You were not hungry.

You visited 3 branches of the dungeon, and saw 22 of its levels.

You collected 1372 gold pieces.
You spent 565 gold pieces at shops.

Inventory:

Hand Weapons
 a - the +5 war axe of Arol (weapon) {venom, *Slow Int+7 Stlth+}
   (You found it on level 6 of the Dungeon)

   It poisons the flesh of those it strikes.
   It affects your intelligence (+7).
   It may slow you when you take damage.
   It makes you more stealthy.
 g - a +0 hand axe
 r - a +0 war axe
 w - a +3 hand axe of flaming
 E - a +2 antimagic executioner's axe
 S - a +4 antimagic battleaxe
Armour
 b - a +9 plate armour of ponderousness (worn)
 q - a +1 shield (worn)
 O - a cursed +0 cloak (worn)
 T - the +3 hat of Pondering (worn) {ponderous, MR+ MP+10 Int+5}
   (You took it off Gastronok on level 12 of the Dungeon)

   It affects your intelligence (+5).
   It affects your resistance to hostile enchantments.
   It affects your magic capacity (+10).
Jewellery
 c - an uncursed ring of protection from cold
 x - the amulet of the Princess (around neck) {RegenMP rPois rF+ rN+}
   (You bought it in a shop on level 8 of the Dungeon)

   [amulet of magic regeneration]

   It increases your magic regeneration.
   It protects you from fire.
   It protects you from poison.
   It protects you from negative energy.
 y - a +3 ring of evasion
 C - the ring of Oqulicwi (right hand) {rC+ rN+ Str-4 Int+3 Stlth-}
   (You found it on level 5 of the Lair of Beasts)

   [ring of loudness]

   It affects your strength (-4).
   It affects your intelligence (+3).
   It protects you from cold.
   It protects you from negative energy.
   It makes you less stealthy.
 G - an uncursed ring of fire
 R - an uncursed amulet of harm {unknown}
 U - the ring "Omiyzac" (left hand) {rF+ rN+ Int+5 SInv Stlth-}
   (You found it on level 6 of the Lair of Beasts)

   [ring of protection from fire]

   It affects your intelligence (+5).
   It protects you from fire.
   It protects you from negative energy.
   It lets you see invisible.
   It makes you less stealthy.
 X - a +2 ring of evasion
Wands
 h - a wand of scattershot (6)
 p - a wand of clouds (4) {@v1}
 D - a wand of disintegration (15) {@v2}
 M - a wand of polymorph (36)
 P - a wand of paralysis (4) {@v4}
Scrolls
 f - 2 scrolls of immolation
 k - 7 scrolls of teleportation {!d}
 l - 3 scrolls of enchant weapon
 m - 8 scrolls of remove curse {@r2}
 o - 3 scrolls of fog
 v - 2 scrolls of magic mapping
 F - 2 scrolls of silence {unknown}
 J - 2 scrolls of enchant armour
 K - a scroll of fear {unknown}
 L - a scroll of vulnerability {unknown}
 N - 2 scrolls of noise {unknown}
 V - a scroll of blinking {unknown}
Potions
 d - 6 potions of flight
 j - 2 potions of cancellation
 n - a potion of invisibility
 s - 2 potions of might
 t - a potion of resistance
 u - a potion of mutation
 z - a potion of agility
 A - 6 potions of curing {@q1}
 B - a potion of magic
 H - 3 potions of haste
 I - a potion of heal wounds
 Q - a potion of ambrosia
 W - a potion of lignification {unknown}
Comestibles
 e - 27 rations {!d}


   Skills:
 + Level 15.0 Fighting
 - Level 18.0 Axes
 + Level 12.0 Armour
 + Level 5.9 Dodging
 + Level 12.7 Shields


You had 13 spell levels left.
You didn't know any spells.
Your spell library was empty.

Dungeon Overview and Level Annotations

Branches:
Dungeon (13/15)            Temple (0/1) D:4            Lair (6/6) D:8
 Shoals (0/4) Lair:2       Spider (3/4) Lair:4        Slime (0/5) Lair:6
    Orc (0/2) D:11         Vaults (0/5) D:13

Altars:
Ashenzari
Dithmenos
Hepliaklqana
Kikubaaqudgha
Nemelex Xobeh
Qazlal
Ru
Trog
Uskayaw
Vehumet
Wu Jian
Xom
Yredelemnul
Zin
Beogh

Shops:
D:8 *   D:9 [   D:13 (

Annotations:
Lair:4 exclusion: oklob plant
Spider:2 exclusion: Roxanne, Roxanne


Message History

The meliai stings you but does no damage.
The wolf spider hits you but does no damage.
The wolf spider bites you but does no damage.
A killer bee comes into view.
The killer bee stings you but does no damage.
A killer bee comes into view.
The wolf spider hits you but does no damage.
The wolf spider closely misses you. The meliai hits you but does no damage.
The meliai stings you but does no damage.
The killer bee stings you but does no damage.
You hear an angry buzzing noise. x5; You hear an angry hiss.
You hear an angry buzzing noise.
As you read the scroll of immolation, it crumbles to dust.
The creatures around you are filled with an inner flame!
The killer bee stings you but does no damage.
The meliai hits you but does no damage.
The meliai stings you but does no damage.
The killer bee stings you. The meliai hits you with a war axe!
* * * LOW HITPOINT WARNING * * *
The meliai stings you.
* * * LOW HITPOINT WARNING * * *
The killer bee is caught in a web!
The killer bee stings you but does no damage.
You block the wolf spider's attack.
The wolf spider bites you but does no damage.
A killer bee comes into view.
The killer bee pulls away from the web.
The meliai hits you but does no damage. You block the meliai's attack.
The wolf spider hits you but does no damage.
The wolf spider bites you.
* * * LOW HITPOINT WARNING * * *
The killer bee stings you but does no damage.
An orb spider comes into view.
The meliai hits you but does no damage.
The meliai stings you but does no damage.
The wolf spider closely misses you. The wolf spider barely misses you.
The orb spider hisses angrily.
You feel much better.
You hear an angry buzzing noise.
You block the meliai's attack.
The meliai hits your stone giant but does no damage.
The meliai closely misses you. The meliai hits you with a war axe!
The meliai hits your stone giant with a war axe!
You block the meliai's attack.
The killer bee stings your stone giant but does no damage.
Your stone giant hits the killer bee but does no damage.
The wolf spider hits you but does no damage.
You block the wolf spider's attack. The meliai barely misses you.
The meliai hits your stone giant but does no damage.
The meliai stings you but does no damage.
A killer bee comes into view.
The killer bee stings your stone giant.
Your stone giant hits the meliai!!
The meliai explodes!
The fiery explosion engulfs the killer bee.
The killer bee explodes!
The fiery explosion engulfs the killer bee.
The killer bee is heavily wounded.
The fiery explosion engulfs the queen bee.
The queen bee is severely wounded.
The fiery explosion engulfs the killer bee.
The killer bee explodes!
The fiery explosion engulfs the killer bee.
You kill the killer bee!
Trog accepts your kill.
The fiery explosion engulfs the killer bee.
The killer bee explodes!
The fiery explosion engulfs the killer bee.
The killer bee explodes!
The fiery explosion engulfs the queen bee.
The queen bee explodes!
The fiery explosion engulfs you! You resist. Trog accepts your kill.
The fiery explosion engulfs the killer bee.
You kill the killer bee!
Trog accepts your kill.
The fiery explosion engulfs the wolf spider.
The wolf spider is lightly wounded.
Trog accepts your kill. x3
Something appears at your feet! Trog grants you a weapon!
Trog accepts your kill.
The fiery explosion engulfs the wolf spider.
The wolf spider is moderately wounded.
The fiery explosion engulfs you! You resist.
* * * LOW HITPOINT WARNING * * *
The fiery explosion engulfs your stone giant.
Your stone giant is moderately wounded.
The wolf spider is engulfed in blazing flames.
The wolf spider closely misses you. The wolf spider barely misses you.
You hear an angry hiss.
You hear an angry buzzing noise. x3
You hear an angry hiss.
A wolf spider comes into view.
Unknown command.
You fade into invisibility!
You are engulfed in blazing flames.
You resist.
* * * LOW HITPOINT WARNING * * *
You feel sick.
The stone giant is engulfed in blazing flames.
The stone giant hits you!!!
You die...

##...........# ..#.
#.......#....#
.....###...........#
.......†.)..††.....#
......†..)..†......#
..#...##.....†.#...#
#... ##..##......#
### #####......#
#§@C#...# #§)sy...#
#§§§....# #§§§....#
§§§.....# y#.#..%[.#
s#. ...%%# s ..
.....#


You could see a stone giant (berserk), a wolf spider (inner flame), an orb
spider, a tarantella (wandering) and 2 killer bees.

Vanquished Creatures
  An emperor scorpion (Spider:3)
  6 hydras
  3 centaur warriors (D:13)
  2 dancing weapons (D:13)
  4 two-headed ogres (D:9)
  A tengu warrior (D:10)
  The ghost of DEFE the Thaumaturge, a journeyman DEWn of Vehumet (Lair:3)
  An ugly thing (D:11)
  2 orb spiders (Spider:2)
  6 wolf spiders
  A deep elf mage (D:7)
  Joseph (D:10)
  A centaur zombie (D:12)
  A merfolk siren (Lair:2)
  6 black mambas
  A gargoyle (D:10)
  A torpor snail (Lair:4)
  3 centaur skeletons
  A kobold demonologist (D:11)
  5 spiny frogs
  6 demonic crawlers
  4 komodo dragons
  7 jumping spiders
  A queen bee (Spider:3)
  2 trolls
  2 meliai (Spider:3)
  2 polar bears (Lair:6)
  7 hornets
  8 blink frogs (Lair:6)
  Grinder (D:4)
  9 hippogriffs
  A shadow (D:11)
  12 spriggans (Lair:6)
  48 yaks
  15 redbacks
  A wyvern (D:11)
  5 tarantellas
  3 basilisks
  2 hungry ghosts
  3 fire bats (Lair:5)
  3 vampire mosquitoes (D:12)
  Edmund (D:4)
  A soldier ant (D:12)
  6 water moccasins
  5 porcupines
  Purgy (D:3)
  An ice beast (D:12)
  An orc warrior (D:8)
  7 black bears
  An eye of draining (D:11)
  2 sky beasts
  4 boggarts (Lair:6)
  A necrophage (D:8)
  4 phantoms
  8 ogres
  10 centaurs
  31 wolves
  10 crocodiles
  2 big kobolds
  16 bullfrogs
  5 scorpions
  18 killer bees
  A troll zombie (D:11)
  2 wights
  12 howler monkeys
  An electric eel (Lair:1)
  5 crimson imps
  A bullfrog zombie (D:7)
  3 jellies
  4 hounds
  2 gnoll shamans
  3 orc priests
  8 orc wizards
  2 bullfrog skeletons
  3 iguanas
  10 worker ants
  5 hell rats (Lair:6)
  5 ogre zombies (D:11)
  2 hound skeletons (D:4)
  14 gnolls
  2 howler monkey skeletons
  22 adders
  3 shadow imps
  An ooze (D:4)
  2 adder skeletons
  A worm (D:2)
  3 dart slugs
  8 leopard geckos
  34 orcs
  A ball python (D:3)
  11 giant cockroaches
  3 goblins (D:2)
  4 hobgoblins
  5 jackals (D:7)
  14 kobolds
  4 quokkas
  6 bats
  A frilled lizard (D:4)
  A goblin skeleton (D:11)
  A goblin zombie (D:11)
  2 hobgoblin skeletons (D:11)
  A hobgoblin zombie (D:11)
  A jackal skeleton (D:7)
  3 orc skeletons (D:11)
  8 orc zombies (D:11)
  7 rats
  3 rat zombies (D:3)
  5 fungi
  4 plants
569 creatures vanquished.

Vanquished Creatures (collateral kills)
  Gastronok (D:12)
  A meliai (Spider:3)
2 creatures vanquished.

Vanquished Creatures (others)
  An unseen horror (D:10)
  A centaur (D:10)
  A big kobold (D:10)
  A bullfrog (D:10)
  A worker ant (D:10)
  14 fungi
  7 plants
26 creatures vanquished.

Grand Total: 597 creatures vanquished

Notes
Turn   | Place    | Note
-------+----------+-------------------------------------------
     0 | D:1      | dstrtnsr the Hill Orc Berserker began the quest for the Orb.
     0 | D:1      | Reached XP level 1. HP: 19/19 MP: 1/1
   212 | D:1      | Reached XP level 2. HP: 25/27 MP: 2/2
   477 | D:1      | Reached skill level 5 in Axes
   524 | D:1      | Reached XP level 3. HP: 33/33 MP: 3/3
   633 | D:2      | HP: 16/49 [gnoll/flail (6)]
   645 | D:2      | Reached XP level 4. HP: 22/41 MP: 4/4
   654 | D:2      | HP: 16/41 [kobold/hand axe of flaming (1)]
   659 | D:2      | HP: 13/41 [adder (1)]
   666 | D:2      | HP: 4/41 [adder (4)]
   677 | D:2      | Reached ** piety under Trog
   925 | D:2      | Reached skill level 6 in Axes
  1096 | D:2      | Found a shadowy altar of Dithmenos.
  1140 | D:2      | Reached XP level 5. HP: 47/47 MP: 5/5
  1201 | D:2      | Found a hazy altar of Hepliaklqana.
  1301 | D:3      | Found an ancient bone altar of Kikubaaqudgha.
  1556 | D:3      | Reached skill level 5 in Fighting
  1631 | D:3      | Reached skill level 7 in Axes
  1659 | D:3      | Reached XP level 6. HP: 40/56 MP: 6/6
  1977 | D:4      | Noticed Grinder
  1977 | D:4      | Noticed Edmund
  1984 | D:4      | Killed Grinder
  1984 | D:4      | Reached skill level 8 in Axes
  1984 | D:4      | Reached XP level 7. HP: 63/63 MP: 7/7
  1994 | D:4      | Killed Edmund
  1994 | D:4      | Reached skill level 9 in Axes
  1994 | D:4      | Noticed Purgy
  2012 | D:3      | Killed Purgy
  2410 | D:4      | HP: 25/64 [ogre/giant club (19)]
  2429 | D:4      | HP: 30/96 [ogre/giant club (10)]
  2433 | D:4      | Reached *** piety under Trog
  2433 | D:4      | Reached skill level 1 in Shields
  2723 | D:4      | Found a sparkling altar of Nemelex Xobeh.
  2810 | D:4      | Found a staircase to the Ecumenical Temple.
  2815 | D:4      | Reached skill level 10 in Axes
  2815 | D:4      | Reached XP level 8. HP: 73/73 MP: 8/8
  3072 | D:5      | Entered Level 5 of the Dungeon
  3651 | D:6      | Got a crystal war axe
  3652 | D:6      | Identified the +5 war axe of Arol {venom, *Slow Int+7 Stlth+} (You found it on level 6 of the Dungeon)
  3687 | D:6      | Found a stormy altar of Qazlal.
  3712 | D:6      | Found a glowing silver altar of Zin.
  3944 | D:6      | Found a basalt altar of Yredelemnul.
  4007 | D:6      | Found a shattered altar of Ashenzari.
  4356 | D:6      | Found an ornate altar of the Wu Jian Council.
  4364 | D:6      | Reached skill level 11 in Axes
  4523 | D:7      | Noticed a hippogriff
  4533 | D:7      | Killed a hippogriff
  4632 | D:7      | Reached XP level 9. HP: 77/81 MP: 9/9
  4672 | D:7      | Noticed a deep elf mage
  4677 | D:7      | Killed a deep elf mage
  4677 | D:7      | Reached **** piety under Trog
  4677 | D:7      | Reached skill level 12 in Axes
  4821 | D:7      | Found a bloodstained altar of Trog.
  4821 | D:7      | Found a hide-covered altar of Uskayaw.
  5162 | D:7      | Found a sacrificial altar of Ru.
  5252 | D:7      | Reached skill level 5 in Shields
  5436 | D:8      | Found Gichyar's Assorted Antiques.
  5440 | D:8      | Bought an ancient bronze amulet for 115 gold pieces
  5440 | D:8      | Identified the amulet of the Princess {RegenMP rPois rF+ rN+} (You bought it in a shop on level 8 of the Dungeon)
  5524 | D:8      | Reached skill level 13 in Axes
  5679 | D:8      | Found a radiant altar of Vehumet.
  5691 | D:8      | Found a staircase to the Lair.
  5759 | D:8      | Found a roughly hewn altar of Beogh.
  5769 | D:8      | Reached XP level 10. HP: 91/91 MP: 10/10
  5775 | D:8      | Reached ***** piety under Trog
  6365 | Lair:1   | Entered Level 1 of the Lair of Beasts
  6618 | Lair:1   | Reached skill level 14 in Axes
  6629 | Lair:1   | Noticed a seven-headed hydra
  6644 | Lair:1   | Killed a one-headed hydra
  6644 | Lair:1   | Reached skill level 10 in Fighting
  6644 | Lair:1   | Reached skill level 5 in Armour
  6666 | Lair:1   | HP: 37/93 [yak (2)]
  6694 | Lair:1   | HP: 37/93 [hippogriff (4)]
  6763 | Lair:1   | Reached XP level 11. HP: 59/101 MP: 11/11
  6767 | Lair:1   | Found a labyrinth entrance.
  7050 | Lair:1   | Reached skill level 15 in Axes
  7623 | Lair:2   | Noticed a six-headed hydra
  7635 | Lair:2   | Killed a one-headed hydra
  7976 | Lair:2   | Found a staircase to the Shoals.
  8172 | Lair:2   | Received a gift from Trog
  8177 | Lair:2   | Reached skill level 16 in Axes
  8859 | Lair:3   | Noticed a four-headed hydra
  8867 | Lair:3   | Killed a one-headed hydra
  8875 | Lair:3   | Noticed DEFE's ghost (journeyman DEWn)
  8906 | Lair:3   | Killed DEFE's ghost
  8906 | Lair:3   | Reached XP level 12. HP: 59/110 MP: 12/12
 10206 | Lair:4   | Reached skill level 17 in Axes
 10269 | Lair:4   | Found a shattered altar of Ashenzari.
 10321 | Lair:4   | Found a hole to the Spider Nest.
 11032 | Lair:5   | Noticed a seven-headed hydra
 11043 | Lair:5   | HP: 66/168 [nine-headed hydra (10)]
 11044 | Lair:5   | HP: 32/168 [nine-headed hydra (11)]
 11047 | Lair:5   | Killed a six-headed hydra
 11091 | Lair:5   | HP: 35/112 [wolf (1)]
 11800 | Lair:5   | Got a smoking bone ring
 11976 | Lair:6   | Entered Level 6 of the Lair of Beasts
 12100 | Lair:6   | Reached XP level 13. HP: 104/119 MP: 13/13
 12191 | Lair:6   | Reached skill level 10 in Shields
 12248 | Lair:6   | Reached skill level 18 in Axes
 12493 | Lair:6   | Found a staircase to the Slime Pits.
 12884 | Lair:6   | HP: 48/122 [poisoned by a black mamba]
 12889 | Lair:6   | HP: 44/122 [poisoned by a black mamba]
 12894 | Lair:6   | HP: 42/122 [poisoned by a black mamba]
 12900 | Lair:6   | HP: 42/122 [poisoned by a black mamba]
 12908 | Lair:6   | HP: 43/122 [poisoned by a black mamba]
 12983 | Lair:6   | Received a gift from Trog
 13427 | Lair:6   | Reached skill level 10 in Armour
 13546 | Lair:6   | Got a twitching tin ring
 14019 | D:9      | Identified the ring of Oqulicwi {rC+ rN+ Str-4 Int+3 Stlth-} (You found it on level 5 of the Lair of Beasts)
 14021 | D:9      | Identified the ring "Omiyzac" {rF+ rN+ Int+5 SInv Stlth-} (You found it on level 6 of the Lair of Beasts)
 14392 | D:9      | Found Heiclych's Armour Shoppe.
 14677 | D:9      | HP: 62/183 [two-headed ogre/giant spiked club (22)]
 15067 | D:9      | Bought a +9 plate armour of ponderousness for 450 gold pieces
 15389 | D:10     | Entered Level 10 of the Dungeon
 15399 | D:10     | Found a shimmering altar of Xom.
 15535 | D:10     | Noticed Joseph
 15551 | D:10     | Killed Joseph
 15570 | D:10     | Reached ****** piety under Trog
 15736 | D:10     | Reached XP level 14. HP: 129/130 MP: 14/14
 16008 | D:11     | Found a staircase to the Orcish Mines.
 16461 | D:12     | Noticed Gastronok
 16469 | D:12     | Killed Gastronok
 16606 | D:12     | Received a gift from Trog
 17001 | D:13     | Found Ommoh's Weapon Shoppe.
 17285 | D:13     | Found a gate to the Vaults.
 17573 | Spider:1 | Entered Level 1 of the Spider Nest
 17587 | Spider:1 | Reached skill level 5 in Dodging
 17793 | Spider:2 | Noticed Roxanne
 18323 | Spider:3 | Noticed an emperor scorpion
 18342 | Spider:3 | Killed an emperor scorpion
 18580 | Spider:3 | HP: 52/133 [killer bee (3)]
 18582 | Spider:3 | Reached skill level 15 in Fighting
 18582 | Spider:3 | Received a gift from Trog
 18583 | Spider:3 | HP: 21/135 [cloud of flame (8)]
 18583 | Spider:3 | Annihilated by a stone giant

Vault maps used:
D:1:      eino_arrival_cavern_a
D:2:      nicolae_dithmenos_shadow_blocks, lemuel_coloured_pillars_altar,
          overflow_temple_1_default
D:3:      lemuel_crystal_altar, lemuel_zombie_altar_kikubaaqudgha, first_ration,
          minmay_misc_feat_tower, minmay_splitting_lines
D:4:      lemuel_round_altar, minmay_temple_entry_hall, fountainhead,
          kennysheep_generic_room_15, uniq_grinder, uniq_purgy, uniq_edmund
D:6:      nicolae_overflow_crystal_walls, kennysheep_mini,
          kennysheep_little_box, lemuel_round_altar, basic_altar
D:7:      minmay_blocky_corners, kennysheep_mini_moat,
          gammafunk_temple_overflow_wave, guppyfry_early_elven_hall
D:8:      lemuel_crystal_altar, lair_entry_dummy, special_room, serial_shops,
          shop
D:9:      serial_shops, nicolae_shop_stone
D:10:     grunt_tengu_nest, xom_confusion_cloud, uniq_joseph
D:11:     zombieorc2_lemuel, minivault_1
D:12:     uniq_gastronok
D:13:     erik_vaults_1, serial_shops, shop_fountains
Lair:1:   lab_entry_generic, infiniplex_staircase_pool_2, serial_bayou_shore_a,
          lemuel_fruit_tree
Lair:2:   minmay_shoals_entry_lonely_mermaid
Lair:3:   grunt_megastairs_1
Lair:4:   spider_nest_entry_rubble, basic_altar, minmay_lair_oklob_chamber,
          serial_bayou_shore_b, grunt_megastairs_3
Lair:5:   nicolae_volcano_entry_batcave, serial_bayou_shore_b,
          serial_bayou_shore_b, lemuel_fruit_fields
Lair:6:   minmay_lair_end_enchanted_forest, slime_dummy
Spider:2: uniq_roxanne
Spider:3: nicolae_spider_hall_of_the_moth_king, special_room

Skill      XL: |  1  2  3  4  5  6  7  8  9 10 11 12 13 14 |
---------------+-------------------------------------------+-----
Fighting       | 4 5 6 7 8 9 10 11 12 13 15 | 15.0
Axes           | 5 6 7 8 10 11 13 14 16 17 18 | 18.0
Shields        | 1 3 5 7 8 9 11 12 | 12.7
Armour         | 3 5 7 9 10 12 | 12.0
Dodging        | 3 5 |  5.9

Action                   |  1- 3 |  4- 6 |  7- 9 | 10-12 | 13-15 || total
-------------------------+-------+-------+-------+-------+-------++-------
Melee: Hand axe          |    73 |   128 |    84 |    26 |    15 ||   326
       War axe           |       |       |   131 |   410 |   783 ||  1324
Invok: Berserk           |     1 |     7 |     8 |     9 |    16 ||    41
       Trog's Hand       |       |     1 |     1 |     2 |     1 ||     5
       Brothers in Arms  |       |       |       |       |     2 ||     2
Evoke: Wand              |       |       |       |       |     3 ||     3
  Use: Scroll            |       |     4 |     6 |     8 |     7 ||    25
       Potion            |       |     3 |     1 |     2 |     2 ||     8
 Stab: Invisible         |       |       |     1 |       |       ||     1
  Eat: Chunk             |       |    10 |    18 |    19 |    33 ||    80
       Ration            |       |       |     1 |     3 |     2 ||     6
Armor: Animal skin       |     4 |       |       |       |       ||     4
       Chain mail        |    45 |    63 |    57 |       |       ||   165
       Plate armour      |       |       |    11 |   116 |   374 ||   501
       Skin              |       |       |       |       |     1 ||     1
Dodge: Dodged            |    32 |    69 |    70 |   102 |   212 ||   485
Block: Shield            |       |       |    55 |   215 |   532 ||   802

Table legend:
 A = Spawn XP
 B = Non-spawn XP
 C = Spawn XP percentage of total XP
 D = Spawn monster count
 E = Non-spawn monster count
 F = Spawn count percentage of total count
 G = Total turns spent on level
                    A         B        C        D         E        F      G
               +---------+---------+-------+---------+---------+-------+---------
         Total |       0 |   85414 |   0.0 |       0 |     562 |   0.0 | 18583
               +---------+---------+-------+---------+---------+-------+---------
           D:1 |       0 |      34 |   0.0 |       0 |      19 |   0.0 |   558
           D:2 |       0 |     134 |   0.0 |       0 |      21 |   0.0 |   683
           D:3 |       0 |     340 |   0.0 |       0 |      22 |   0.0 |   757
           D:4 |       0 |     774 |   0.0 |       0 |      13 |   0.0 |  1113
           D:5 |       0 |     275 |   0.0 |       0 |      12 |   0.0 |   601
           D:6 |       0 |     356 |   0.0 |       0 |      11 |   0.0 |   859
           D:7 |       0 |    1842 |   0.0 |       0 |      36 |   0.0 |   738
           D:8 |       0 |    2186 |   0.0 |       0 |      37 |   0.0 |  1078
           D:9 |       0 |    4779 |   0.0 |       0 |      19 |   0.0 |  1545
          D:10 |       0 |    3800 |   0.0 |       0 |      36 |   0.0 |   507
          D:11 |       0 |    4069 |   0.0 |       0 |      61 |   0.0 |   574
          D:12 |       0 |    4881 |   0.0 |       0 |      23 |   0.0 |   566
          D:13 |       0 |    5773 |   0.0 |       0 |      16 |   0.0 |   416
        Lair:1 |       0 |    5758 |   0.0 |       0 |      29 |   0.0 |  1158
        Lair:2 |       0 |    5678 |   0.0 |       0 |      23 |   0.0 |  1403
        Lair:3 |       0 |    5725 |   0.0 |       0 |      22 |   0.0 |  1161
        Lair:4 |       0 |    4483 |   0.0 |       0 |      22 |   0.0 |   954
        Lair:5 |       0 |    3110 |   0.0 |       0 |      12 |   0.0 |  1101
        Lair:6 |       0 |   15313 |   0.0 |       0 |      74 |   0.0 |  1801
      Spider:1 |       0 |     565 |   0.0 |       0 |       1 |   0.0 |    36
      Spider:2 |       0 |    8147 |   0.0 |       0 |      24 |   0.0 |   791
      Spider:3 |       0 |    7392 |   0.0 |       0 |      29 |   0.0 |   183
               +---------+---------+-------+---------+---------+-------+---------
